[Event "*** Titled Tuesday Blitz"]
[Site "Chess.com"]
[Date "2018.07.03"]
[Round "8"]
[White "Blitzstream"]
[Black "TenisMaster"]
[Result "1-0"]
[WhiteElo "2496"]
[BlackElo "2725"]
[TimeControl "180+2"]
[EndTime "14:43:03 PDT"]
[Termination "Blitzstream won by resignation"]

1. d4 Nf6 2. Bg5 e6 3. e4 h6 4.
Bxf6 Qxf6 5. c3 d6 6. Bd3 g6 7.
Ne2 Bg7 8. O-O Qe7 9. f4 e5 10. Nd2 O-O 11. Qb3 exd4 12. cxd4 Nc6 13. d5 Nb8 14. Rac1 c6 15. dxc6 Nxc6 16. Kh1 Be6 17. Qa3 Rfe8 18. f5 gxf5 19. exf5 Bd5 20. Nf4 Qe5 21.
f6 Bf8 22. Nc4 Qg5 23. Nxd5 Qxd5 24. Bb1 Qg5 25. Qd3 Qg6 26. Qxg6+ fxg6 27. f7+ 1-0

[Event "*** Titled Tuesday Blitz"]
[Site "Chess.com"]
[Date "2018.07.03"]
[Round "8"]
[White "AsaHoffmann"]
[Black "Karina_Oparina"]
[Result "0-1"]
[WhiteElo "1986"]
[BlackElo "2192"]
[TimeControl "180+2"]
[EndTime "14:43:05 PDT"]
[Termination "Karina_Oparina won by resignation"]

1. d4 Nf6 2. Bg5 e6 3. Nd2 c5 4. e3 b6 5. Ngf3 Bb7 6. Bd3 Be7 7. Qe2 O-O 8. c3 d6 9. O-O Nbd7 10. a4 a6 11.
Rfe1 Ne8 12. Bf4 Bf6 13. Ne4 Bxe4 14. Bxe4 d5 15. Bc2 c4 16. e4 Nc7 17. h3 g6 18.
Bh6 Bg7 19. Bxg7 Kxg7 20. Ne5 Nxe5 21. dxe5 b5 22. Rad1 Qg5 23. exd5 Nxd5 24. Rd4 Rfd8 25. Rg4 Qe7 26. Be4 Ra7 27. f4 h5 28. Rg3 Qc5+ 29. Kh2 Nxf4 30. Qf3 Qxe5 31. Re3 h4 32. Rg4 Nd5+ 33.
g3 Nxe3 34. Qxe3 hxg3+ 35. Rxg3 Rad7 36. h4 Rd3 37. Bxd3 Qxe3 38. Rxe3 Rxd3 39. Re2 bxa4 40. Kg2 a3 41. bxa3 Rxc3 42. a4 Ra3 43. Rc2 Rxa4 44. Kg3 Ra3+ 45. Kf4 c3 0-1

[Event "*** Titled Tuesday Blitz"]
[Site "Chess.com"]
[Date "2018.07.03"]
[Round "8"]
[White "NguyenDucHoa"]
[Black "Passacaglia23"]
[Result "1-0"]
[WhiteElo "2533"]
[BlackElo "2321"]
[TimeControl "180+2"]
[EndTime "14:43:08 PDT"]
[Termination "NguyenDucHoa won on time"]

1. d4 d5 2. c4 c6 3. Nf3 Nf6 4. Qb3 e6 5. g3 dxc4 6. Qxc4 b5 7.
Qc2 Bb7 8. Bg2 Nbd7 9. Nc3 a6 10. Ne5 Nxe5 11. dxe5 Nd7 12. Bf4 g5 13. Bd2 Nxe5 14.
Ne4 Be7 15. Nc5 Nc4 16. Nxb7 Qb6 17. b3 Nxd2 18. Qxc6+ Qxc6 19. Bxc6+ Kf8 20. Kxd2 Rc8 21. Rac1 Ba3 22. Rc2 Ke7 23. Rd1 h5 24. Ke3 h4 25.
Rd7+ Kf6 26. Nd6 Rcf8 27. Ne4+ Kg6 28. Bb7 f5 29. Nd2 hxg3 30. hxg3 f4+ 31. gxf4 gxf4+ 32. Ke4 Rh2 33. Rc6 Rf6 34. Kf3 Rh3+ 35. Kg4 Rh5 36.
Ne4 1-0

[Event "*** Titled Tuesday Blitz"]
[Site "Chess.com"]
[Date "2018.07.03"]
[Round "8"]
[White "chesstatour"]
[Black "AndrewDGreen"]
[Result "0-1"]
[WhiteElo "2021"]
[BlackElo "2182"]
[TimeControl "180+2"]
[EndTime "14:43:12 PDT"]
[Termination "AndrewDGreen won by resignation"]

1. c4 g6 2. Nc3 Bg7 3. d4 Nf6 4. e4 d6 5. f4 O-O 6. Nf3 c5 7. d5 e6 8. dxe6 Bxe6 9. Bd3 Nc6 10. f5 Bc8 11. O-O Re8 12. Bg5 Qb6 13. Qe1 Ng4 14. Nd5 Qxb2 15. Rb1 Qa3 16. Nc7 Bxf5 17. Nxa8 Qxd3 18.
Rd1 Qxc4 19. Qh4 Rxe4 20. Nd2 Qd4+ 21. Kh1 Re2 22. Nf3 Qb2 23. h3 Nf2+ 24. Rxf2 Rxf2 25.
Nc7 Rxg2 26. Bf6 Bxf6 0-1

[Event "*** Titled Tuesday Blitz"]
[Site "Chess.com"]
[Date "2018.07.03"]
[Round "8"]
[White "BlackBoarder"]
[Black "Orest_Vovk"]
[Result "0-1"]
[WhiteElo "2240"]
[BlackElo "2252"]
[TimeControl "180+2"]
[EndTime "14:43:13 PDT"]
[Termination "Orest_Vovk won on time"]

1. e4 Nc6 2. d4 e5 3. Nf3 Nxd4 4.
Nxd4 exd4 5. Qxd4 Ne7 6. Nc3 Nc6 7. Qd1 Bb4 8. Bd2 O-O 9. Be2 d6 10. O-O Re8 11. f3 Bc5+ 12. Kh1 Re5 13. Na4 Qh4 14.
Be1 Qh6 15. Bg3 Be3 16. Bxe5 Nxe5 17. g3 Bh3 18. Re1 Bf2 19. Nc3 Bd7 20. Kg2 Bxe1 21. Qxe1 Bh3+ 22. Kh1 Re8 23. Qf2 Qd2 24. Nd5 Qxc2 25.
Nf4 Bd7 26. b3 Bc6 27. Kg2 a6 28. Bf1 Qc3 29. Rd1 Nxf3 30. Rd3 Ne1+ 0-1

[Event "*** Titled Tuesday Blitz"]
[Site "Chess.com"]
[Date "2018.07.03"]
[Round "8"]
[White "Caterpiller35"]
[Black "Last7Samurai"]
[Result "0-1"]
[WhiteElo "2300"]
[BlackElo "2608"]
[TimeControl "180+2"]
[EndTime "14:43:17 PDT"]
[Termination "Last7Samurai won by resignation"]

1. d4 d5 2. Bf4 Nf6 3. e3 e6 4. c3 Bd6 5. Bg3 O-O 6. Nd2 c5 7. Bd3 Qc7 8. Ngf3 Nbd7 9. e4 dxe4 10. Nxe4 Nxe4 11. Bxe4 Bxg3 12. hxg3 h6 13. Qe2 Nf6 14. Bc2 b6 15. O-O-O a5 16. g4 Qf4+ 17. Kb1 Qxg4 18. Rh4 Ba6 19. Qe3 cxd4 20. cxd4 Qxg2 21. Rg1 Nd5 22.
Rxg2 Nxe3 23. fxe3 Bb7 24. e4 f5 25. Rxh6 fxe4 26.
Rhg6 Rxf3 27. Rxg7+ Kf8 28. Ba4 Rc8 29. a3 Rf1+ 30.
Ka2 Bd5+ 31. b3 Rcc1 32. Rg8+ Ke7 33. R2g7+ Kf6 34. Rg6+ Kf5 35. Rg5+ Kf4 36. Rg4+ Ke3 37. Rg3+ Rf3 0-1

[Event "*** Titled Tuesday Blitz"]
[Site "Chess.com"]
[Date "2018.07.03"]
[Round "8"]
[White "BillForster"]
[Black "Nathan_Filgueiras"]
[Result "1-0"]
[WhiteElo "1720"]
[BlackElo "2126"]
[TimeControl "180+2"]
[EndTime "14:43:20 PDT"]
[Termination "BillForster won by resignation"]

1. d4 Nf6 2. c4 e6 3. g3 d5 4.
Bg2 dxc4 5. Qa4+ Nbd7 6. Qxc4 a6 7. Nf3 b5 8. Qc2 Bb7 9. O-O Be7 10. b3 O-O 11. Bb2 c5 12. Nbd2 Rc8 13. dxc5 Nxc5 14. Qd1 Qb6 15. Rc1 Rfd8 16. Qe1 a5 17. Ne5 Bxg2 18.
Kxg2 a4 19. b4 Qb7+ 20. Ndf3 Nce4 21. Rxc8 Rxc8 22. a3 Rc2 23. Nd3 Nd5 24. Kg1 Ndc3 25. Nd4 Ng5 26. f3 Nxe2+ 27. Nxe2 Nxf3+ 28. Rxf3 Qxf3 29. Nef4 Qe3+ 30. Qxe3 1-0

[Event "*** Titled Tuesday Blitz"]
[Site "Chess.com"]
[Date "2018.07.03"]
[Round "8"]
[White "Drags95"]
[Black "pedromartinez91"]
[Result "1-0"]
[WhiteElo "2613"]
[BlackElo "2432"]
[TimeControl "180+2"]
[EndTime "14:43:26 PDT"]
[Termination "Drags95 won on time"]

1. e4 e6 2. d4 d5 3. Nc3 Nf6 4. e5 Ne4 5. Nxe4 dxe4 6. Ne2 c5 7. Be3 cxd4 8. Nxd4 Qa5+ 9. Qd2 Qxe5 10. Nb5 Na6 11. O-O-O Be7 12. Bf4 Qd5 13. Qc3 Qf5 14. Bd6 Qg5+ 15.
Kb1 O-O 16. h4 Qh5 17. g4 Qxg4 18. f3 exf3 19. Bxe7 Re8 20. Bh3 Qh5 21. Rhg1 e5 22. Bf6 g6 23. Rg5 Qh6 24. Bxc8 Raxc8 25. Rxe5 Qf4 26. Rxe8+ Rxe8 27. Bg5 Qf5 28. Nd6 Qd7 29. Qxf3 Rf8 30. Ne4 1-0

[Event "*** Titled Tuesday Blitz"]
[Site "Chess.com"]
[Date "2018.07.03"]
[Round "8"]
[White "Paralinch"]
[Black "eljanov"]
[Result "1-0"]
[WhiteElo "2803"]
[BlackElo "2659"]
[TimeControl "180+2"]
[EndTime "14:43:27 PDT"]
[Termination "Paralinch won by resignation"]

1. e4 e5 2. Nf3 Nc6 3. Nc3 Nf6 4. a3 d5 5. exd5 Nxd5 6. Nxe5 Nxe5 7. Qe2 Bd6 8. Nxd5 O-O 9. d4 Ng6 10. Be3 Re8 11.
Nc3 Nf4 12. Qd2 Bg4 13. h3 Bh5 14. g4 Bg6 15. O-O-O Qf6 16. h4 h5 17. Bc4 hxg4 18.
h5 Bxh5 19. Kb1 g6 20. Rdg1 c6 21. Ne2 Nd5 22. Bg5 Qxf2 23. Bh4 Qe3 24. Qa5 b5 25.
Bxd5 cxd5 26. Nc3 g3 27. Nxd5 Qf3 28. Nf6+ Kg7 29. Qxb5 Re2 30. Nxh5+ Qxh5 31. Bf6+ Kxf6 32. Rxh5 gxh5 33. Qxe2 1-0

[Event "*** Titled Tuesday Blitz"]
[Site "Chess.com"]
[Date "2018.07.03"]
[Round "8"]
[White "DishonorOnYourCow"]
[Black "NateSolon"]
[Result "0-1"]
[WhiteElo "2238"]
[BlackElo "2393"]
[TimeControl "180+2"]
[EndTime "14:43:29 PDT"]
[Termination "NateSolon won by checkmate"]

1. d4 d5 2. c4 dxc4 3. Nf3 a6 4. a4 Nf6 5. e3 Bg4 6. Bxc4 e6 7. O-O Nc6 8. Nc3 Bd6 9. h3 Bh5 10. Re1 O-O 11.
e4 Bxf3 12. gxf3 e5 13. d5 Nd4 14. Kh2 Nh5 15. Be3 Qh4 16. Rg1 Nf4 17. Bf1 f5 18.
Rg3 h6 19. exf5 Nxf5 20. Rg4 Nxe3 21. Rxh4 Nxd1 22. Rxd1 h5 23. Ne2 g5 24. Nxf4 gxh4 25. Nxh5 Rxf3 26. Kg2 Raf8 27. Bd3 Rxf2+ 28. Kh1 Kh8 29.
Be4 Rxb2 30. Rg1 Rff2 31. Rg7 Ra2 32. Rh7+ Kg8 33. Rg7+ Kf8 34. Kg1 Rf7 35. Rg6 Bc5+ 36. Kh1 Rf1+ 37. Rg1 Rxg1# 0-1

[Event "*** Titled Tuesday Blitz"]
[Site "Chess.com"]
[Date "2018.07.03"]
[Round "8"]
[White "Dr_Mortimer"]
[Black "Genghis_K"]
[Result "1-0"]
[WhiteElo "2816"]
[BlackElo "2706"]
[TimeControl "180+2"]
[EndTime "14:43:30 PDT"]
[Termination "Dr_Mortimer won on time"]

1. e4 c6 2. Nc3 d5 3. d4 dxe4 4.
Nxe4 Nf6 5. Nxf6+ exf6 6. c3 Bd6 7. Bd3 O-O 8. Qc2 Re8+ 9. Ne2 h5 10. O-O h4 11. Bf4 Rxe2 12. Qxe2 Bxf4 13. Qe4 Bxh2+ 14. Kxh2 f5 15. Qf4 g6 16. Rae1 Nd7 17. Qd6 Qf6 18. Re8+ Kg7 19. Qc7 Nb6 20. Rfe1 Nd5 21. Qd8 b5 22. c4 bxc4 23. Bxc4 Qxd8 24. Rxd8 Nb6 25. Bb3 a5 26. Re7 a4 27. Rxf7+ Kh6 28. Bd1 Kg5 29. Bf3 a3 30. b3 Ra5 31. Rd6 Nd5 32. Bxd5 cxd5 33.
Rc7 Ra8 34. Rd8 1-0

[Event "*** Titled Tuesday Blitz"]
[Site "Chess.com"]
[Date "2018.07.03"]
[Round "8"]
[White "Mikhail_Antipov"]
[Black "SergeiAza"]
[Result "0-1"]
[WhiteElo "2808"]
[BlackElo "2701"]
[TimeControl "180+2"]
[EndTime "14:43:33 PDT"]
[Termination "SergeiAza won by resignation"]

1. d4 d5 2. c4 e6 3. Nf3 Nf6 4. g3 dxc4 5. Bg2 a6 6. O-O Nc6 7. Nc3 Rb8 8. a3 Be7 9. e4 O-O 10. e5 Nd5 11. h4 Nxc3 12. bxc3 b5 13. Ng5 h6 14. Nh3 Bb7 15. Nf4 Qd7 16. Nh5 f5 17. exf6 Bxf6 18. Qg4 Kh8 19. Be4 Ne7 20. Bc2 Nf5 21.
Nf4 Kg8 22. Re1 Rbe8 23. Bd2 Bxd4 24. cxd4 Nxd4 25. Be4 Bxe4 26. Rxe4 Nb3 27. Bc3 Nxa1 28.
Nh5 Rf7 29. Bxa1 Rd8 30. Kh2 e5 31. Qe2 Qd2 32. Rxe5 Rxf2+ 0-1

[Event "*** Titled Tuesday Blitz"]
[Site "Chess.com"]
[Date "2018.07.03"]
[Round "8"]
[White "dolynachess"]
[Black "Godzillator"]
[Result "1-0"]
[WhiteElo "2402"]
[BlackElo "2318"]
[TimeControl "180+2"]
[EndTime "14:43:37 PDT"]
[Termination "dolynachess won by resignation"]

1. d4 d5 2. c4 c6 3. Nc3 Nf6 4. Nf3 a6 5. e3 Bf5 6. Ne5 Nbd7 7. f4 Nxe5 8. fxe5 Ne4 9. Bd3 Nxc3 10. bxc3 Bxd3 11. Qxd3 e6 12. O-O Be7 13. a4 dxc4 14.
Qxc4 Qd5 15. Qxd5 cxd5 16. Ba3 Rc8 17. Bxe7 Kxe7 18. Rab1 Rc7 19. Rb6 Rd8 20. Rfb1 Rdd7 21. R1b3 Kd8 22. Kf2 Kc8 23. Ke2 Rc4 24. R6b4 Rdc7 25.
Kd2 a5 26. Rxc4 Rxc4 27. Ra3 Kc7 28. Kd3 Kc6 29. e4 b5 30. axb5+ Kxb5 31. exd5 exd5 32. Rb3+ Kc6 33. Rb8 Kd7 34. Rb6 Rc6 35. Rb5 Ra6 36. Rxd5+ Ke6 37. Rb5 a4 38. Rb2 a3 39. Ra2 f6 40. exf6 gxf6 41. Kc4 Kf5 42. Kb3 Ke4 43. Rxa3 Rb6+ 44. Kc2 h6 45. Ra1 h5 46. Re1+ Kd5 47.
Kd3 Rb2 48. Re2 Rb3 49. Rf2 Ke6 50. g3 Ra3 51. Kc4 Ke7 52. Rf4 Ke6 53. Rh4 Ra5 54.
Kd3 Rf5 55. c4 Kd6 56. Rf4 1-0

[Event "*** Titled Tuesday Blitz"]
[Site "Chess.com"]
[Date "2018.07.03"]
[Round "8"]
[White "Flawless2018"]
[Black "Micki-taryan"]
[Result "0-1"]
[WhiteElo "2418"]
[BlackElo "2837"]
[TimeControl "180+2"]
[EndTime "14:43:38 PDT"]
[Termination "Micki-taryan won by resignation"]

1. e4 d6 2. d4 e5 3. Nf3 Nd7 4. Nc3 Ngf6 5. Bc4 Be7 6. a4 O-O 7.
O-O c6 8. h3 b6 9. Qe2 a6 10. Rd1 Qc7 11. Be3 Bb7 12. dxe5 Nxe5 13. Nxe5 dxe5 14. a5 b5 15. Bb6 Qc8 16. Ba2 Nd7 17.
Qh5 Nxb6 18. axb6 Bc5 19. Qxe5 Bxb6 20. Qg5 Qc7 21. e5 Rae8 22. Rd6 Kh8 23. Rad1 Bc8 24.
Ne4 f6 25. Nxf6 gxf6 26. Rxf6 Qg7 27. Qh5 Rd8 28. Rxd8 Bxd8 29. Rxf8+ Qxf8 30. Bf7 Bb6 31. e6 Bd4 32. Qf3 Bxb2 33. g4 c5 34. c3 Kg7 35.
g5 Qe7 36. h4 Bxe6 37. Bxe6 Qxe6 38. h5 Qf7 39. h6+ Kg6 40. Qd3+ Kxg5 41. Qd2+ Kg6 42. Qxb2 Qf4 43. Qa2 Qg4+ 44. Kf1 Qc4+ 0-1

[Event "*** Titled Tuesday Blitz"]
[Site "Chess.com"]
[Date "2018.07.03"]
[Round "8"]
[White "Triumphmate"]
[Black "dinesh501"]
[Result "0-1"]
[WhiteElo "2227"]
[BlackElo "2259"]
[TimeControl "180+2"]
[EndTime "14:43:44 PDT"]
[Termination "dinesh501 won by resignation"]

1. e4 e6 2. d4 d5 3. Nd2 Nf6 4.
e5 Nfd7 5. Bd3 c5 6. c3 Nc6 7.
Ne2 cxd4 8. cxd4 f6 9. exf6 Nxf6 10. Nf3 Bd6 11. O-O Qc7 12. Ng3 O-O 13. Be3 Bd7 14.
Rc1 a6 15. Re1 Rae8 16. a3 Qb8 17. Bb1 e5 18. dxe5 Nxe5 19. Nxe5 Bxe5 20. Bd4 Bc6 21. Nf5 Bxh2+ 22. Kh1 Be5 23. Qf3 Bxd4 24. Rxe8 Qxe8 25. Nxd4 Ne4 26. Nf5 Bd7 27. Nd6 Nxd6 28. Qxd5+ Qe6 29. Qh5 g6 30. Qh4 Bc6 31. f3 Nf5 32. Qh3 Kg7 33. Rd1 Qe5 34. Ba2 Qe2 35. Bb3 Qxb2 36. Bd5 Qc2 37. Re1 Bxd5 38. Qh2 Qc3 39. Rd1 Bc6 40. Qc7+ Rf7 41. Qc8 Re7 42. Rd8 Re1+ 43. Kh2 Qe5+ 0-1

[Event "*** Titled Tuesday Blitz"]
[Site "Chess.com"]
[Date "2018.07.03"]
[Round "8"]
[White "jacky72"]
[Black "pulvettd"]
[Result "1-0"]
[WhiteElo "2613"]
[BlackElo "2459"]
[TimeControl "180+2"]
[EndTime "14:43:45 PDT"]
[Termination "jacky72 won on time"]

1. d4 Nf6 2. c4 g6 3. Nc3 Bg7 4. e4 d6 5. Be2 O-O 6. Bg5 Nbd7 7. Qd2 e5 8. d5 a5 9. f3 h6 10. Be3 Nc5 11. g4 h5 12. h3 Kh8 13. O-O-O Nh7 14. gxh5 gxh5 15. h4 f5 16. Nh3 fxe4 17. fxe4 Bxh3 18.
Rxh3 Nf6 19. Bxc5 dxc5 20. Rg3 Rf7 21. Rdg1 Qf8 22. Kb1 Bh6 23. Qd1 Bf4 24. Rg6 Rh7 25. Nb5 Nxe4 26. Qd3 Nd2+ 27. Ka1 a4 28. d6 cxd6 29.
Nxd6 Nb3+ 30. Kb1 Nd2+ 31. Kc2 a3 32. b3 Rd8 33. Qd5 e4 34. Rg8+ Qxg8 35. Rxg8+ Rxg8 36. Nf7+ Rxf7 37. Qxf7 Rg2 38. Qxf4 Rxe2 39. Kd1 Rg2 40. Qf8+ Kh7 41. Qxc5 Nf3 42. Qxh5+ Kg7 43. Qc5 Rd2+ 44. Kc1 Rd4 45. Qxa3 Kf6 46. Qf8+ Ke5 47. h5 Rd3 48. h6 1-0

[Event "*** Titled Tuesday Blitz"]
[Site "Chess.com"]
[Date "2018.07.03"]
[Round "8"]
[White "krzysztofszczurek"]
[Black "josiwales"]
[Result "1-0"]
[WhiteElo "2396"]
[BlackElo "2480"]
[TimeControl "180+2"]
[EndTime "14:43:46 PDT"]
[Termination "krzysztofszczurek won by resignation"]

1. e4 c5 2. c3 d5 3. exd5 Qxd5 4. d4 Nf6 5. Nf3 Bg4 6. Be2 e6 7.
Be3 Nc6 8. O-O cxd4 9. cxd4 Bb4 10. Nc3 Qd7 11. Qb3 O-O 12. Ne5 Nxe5 13. Qxb4 Nc6 14. Qb5 Nxd4 15. Qxd7 Nxe2+ 16. Nxe2 Nxd7 17. f3 Bf5 18. Rfd1 Ne5 19. Nd4 Nc4 20. Bf2 Nxb2 21. Nxf5 Nxd1 22. Ne7+ Kh8 23. Rxd1 Rad8 24. Rb1 Rd7 25. Bc5 Re8 26. Kf2 Rexe7 27. Bxe7 Rxe7 28. Rc1 g6 29. Rc8+ Kg7 30. Ra8 a6 31. Ke3 Rc7 32. Ra7 Kf6 33.
a4 Ke5 34. Ra8 Rc4 35. Rb8 Rxa4 36. Rxb7 Ra3+ 37. Kf2 f5 38. Rxh7 f4 39. Ra7 Ra2+ 40. Kg1 Kd4 41. h4 Ke3 42. Rg7 Ra1+ 43. Kh2 e5 44.
Rxg6 Kf2 45. h5 Rg1 46. h6 e4 47. h7 exf3 48. h8=Q Rxg2+ 49. Rxg2+ 1-0

[Event "*** Titled Tuesday Blitz"]
[Site "Chess.com"]
[Date "2018.07.03"]
[Round "8"]
[White "racquetball1"]
[Black "Joel1285"]
[Result "0-1"]
[WhiteElo "2028"]
[BlackElo "1798"]
[TimeControl "180+2"]
[EndTime "14:43:46 PDT"]
[Termination "Joel1285 won by resignation"]

1. e4 c5 2. Nc3 Nc6 3. f4 g6 4. Nf3 Bg7 5. Bc4 d6 6. O-O e6 7.
d3 Nge7 8. Bb3 O-O 9. Qe1 Bd7 10. Qh4 Nc8 11. Qh3 Nd4 12. Be3 Nxb3 13. axb3 b5 14. Ra2 a5 15. f5 exf5 16. Bg5 f6 17. Bh6 fxe4 18. Qh4 exf3 19. Rxf3 f5 20. Bg5 Bf6 21. Bxf6 Qxf6 22. Qg3 Qe5 23. Qf2 Re8 24. Ra1 Bc6 25. Rh3 Nb6 26. Rd1 Nd5 27. Nb1 Nf4 28. Rf3 Bxf3 29.
gxf3 Qe3 30. Qxe3 Rxe3 31. Nd2 Rae8 32. Kh1 Re1+ 0-1

[Event "*** Titled Tuesday Blitz"]
[Site "Chess.com"]
[Date "2018.07.03"]
[Round "8"]
[White "dretch"]
[Black "Fandorine"]
[Result "1-0"]
[WhiteElo "2790"]
[BlackElo "2745"]
[TimeControl "180+2"]
[EndTime "14:43:48 PDT"]
[Termination "dretch won on time"]

1. d4 g6 2. c4 Bg7 3. Nf3 d6 4. e4 Nf6 5. Nc3 O-O 6. h3 e5 7.
dxe5 dxe5 8. Qxd8 Rxd8 9. Bg5 Na6 10. Nd5 Rd6 11. Bxf6 Bxf6 12. Rc1 c5 13. Be2 Bg7 14. O-O Kf8 15. Rfd1 h6 16. a3 b6 17. b4 Rd7 18.
Ne1 h5 19. Nd3 Bb7 20. g3 Rc8 21. g4 Rd6 22. gxh5 gxh5 23. Bxh5 cxb4 24. axb4 Bh6 25.
Bg4 Re8 26. Ra1 Rg6 27. b5 Bxd5 28. cxd5 Nc7 29. Kf1 Nxb5 30. Bd7 Nc3 31. Bxe8 Kxe8 32. Nxe5 Rg7 33. Rd3 Nxe4 34. d6 1-0

[Event "*** Titled Tuesday Blitz"]
[Site "Chess.com"]
[Date "2018.07.03"]
[Round "8"]
[White "HanSchut"]
[Black "rekosheten"]
[Result "0-1"]
[WhiteElo "2245"]
[BlackElo "2328"]
[TimeControl "180+2"]
[EndTime "14:43:54 PDT"]
[Termination "rekosheten won by resignation"]

1. e4 c6 2. d4 d5 3. exd5 cxd5 4. c4 Nf6 5. Nc3 e6 6. Nf3 Bb4 7. cxd5 Nxd5 8. Qc2 Nc6 9. a3 Ba5 10. Bd3 Nxc3 11. bxc3 Nxd4 12. Nxd4 Qxd4 13. O-O Qxc3 14. Bb5+ Ke7 15. Qe2 a6 16. Bd3 Rd8 17. Bxh7 Rd5 18. Be4 Rc5 19. Bb2 Qd2 20. Qxd2 Bxd2 21. Bxg7 f6 22. Rfd1 Bf4 23. Rab1 Rb8 24. g3 Be5 25. Bh6 b5 26. Be3 Rc4 27. Bd3 Rc3 28. a4 bxa4 29. Rxb8 Bxb8 30. Bd2 Rxd3 31. Bb4+ Bd6 32. Rxd3 Bxb4 33.
Rd4 a5 0-1

[Event "*** Titled Tuesday Blitz"]
[Site "Chess.com"]
[Date "2018.07.03"]
[Round "8"]
[White "NemtsevIgor"]
[Black "PaulfromSPb"]
[Result "0-1"]
[WhiteElo "2396"]
[BlackElo "2530"]
[TimeControl "180+2"]
[EndTime "14:44:05 PDT"]
[Termination "PaulfromSPb won by resignation"]

1. d4 Nf6 2. Bf4 d6 3. Nf3 g6 4. e3 Bg7 5. h3 a6 6. Be2 b5 7.
O-O Bb7 8. a4 b4 9. c4 O-O 10.
Nbd2 a5 11. Bh2 Nbd7 12. Qc2 Re8 13. c5 Ba6 14. Bb5 Qb8 15. Bxa6 Rxa6 16. Nb3 dxc5 17.
Nxc5 Nxc5 18. Qxc5 Ra7 19. Rac1 Ne4 20. Qc6 Nd6 21.
b3 Qb7 22. Bxd6 Qxc6 23. Rxc6 cxd6 24. Rfc1 Rea8 25. Kf1 f5 26. Ke2 h6 27. h4 Kf7 28. Rc7 Ke6 29. Kd3 Kd5 30. Nd2 Bf6 31. h5 gxh5 32. f3 Ke6 33. e4 fxe4+ 34. fxe4 Bg5 35.
R1c6 Rxc7 36. Rxc7 Bxd2 37. Kxd2 Rg8 38. d5+ Kf6 39. Ke3 Rxg2 40. Rc8 h4 41. Kf3 h3 42.
Rh8 Kg7 43. Re8 Kf7 44. Rh8 Rg6 45. Rc8 h2 46. Rc1 Rg1 0-1

[Event "*** Titled Tuesday Blitz"]
[Site "Chess.com"]
[Date "2018.07.03"]
[Round "8"]
[White "Gvalch"]
[Black "Mimsychess"]
[Result "1-0"]
[WhiteElo "2597"]
[BlackElo "2282"]
[TimeControl "180+2"]
[EndTime "14:44:06 PDT"]
[Termination "Gvalch won on time"]

1. d4 f5 2. c4 Nf6 3. g3 g6 4. Bg2 Bg7 5. Nf3 O-O 6. O-O d6 7. Nc3 c6 8. b4 Ne4 9. Qd3 Nxc3 10. Qxc3 Nd7 11. Bb2 e5 12. dxe5 dxe5 13. Rfd1 Qe7 14. c5 a5 15. a3 e4 16. Qxg7+ Qxg7 17. Bxg7 Kxg7 18. Nd4 Ne5 19. b5 cxb5 20. Nxb5 Bd7 21. Nd6 Bc6 22. Rab1 Rad8 23. Rb6 Nc4 24. Rbb1 Nxd6 25.
cxd6 Rf6 26. d7 Rf7 27. f3 Rfxd7 28. Rxd7+ Rxd7 29. fxe4 fxe4 30. Kf2 e3+ 31. Kg1 Rd2 32. Bxc6 bxc6 33. Kf1 a4 34. Rc1 Ra2 35. Rc3 Rb2 36. Rc4 Rb6 37. Rxa4 c5 38. Re4 Rb3 39. Rc4 Rxa3 40.
Rxc5 Kf6 41. Kg2 g5 42. Kf3 h5 43. h3 Rb3 44. Rc6+ Ke5 45. Rh6 Kf5 46. Rxh5 Kg6 47. Rh8 Ra3 48. Re8 Kf5 49. Rxe3 Ra4 50. Rb3 Rc4 51.
Rb5+ Kf6 52. e4 Ra4 53. Rb6+ Ke5 54. Rg6 Ra3+ 55. Kg4 Kxe4 56. Rxg5 Ra8 57. h4 Rh8 58. h5 Rh7 59. Kh4 Rf7 60. h6 Rf1 61. Kg4 Rh1 62. Rh5 1-0

[Event "*** Titled Tuesday Blitz"]
[Site "Chess.com"]
[Date "2018.07.03"]
[Round "8"]
[White "jk13"]
[Black "dreamist"]
[Result "0-1"]
[WhiteElo "2556"]
[BlackElo "2600"]
[TimeControl "180+2"]
[EndTime "14:44:08 PDT"]
[Termination "dreamist won by checkmate"]

1. e4 c5 2. c3 Nf6 3. e5 Nd5 4. Bc4 Nb6 5. Bb3 c4 6. Bc2 Nc6 7. Nf3 g5 8. h3 Qc7 9. Qe2 h5 10. Na3 Rg8 11. Nxc4 Nxc4 12. Qxc4 g4 13. hxg4 hxg4 14.
Rh7 e6 15. Nd4 Qxe5+ 16. Ne2 d5 17. Qb3 g3 18. fxg3 d4 19. cxd4 Qxe2+ 20. Kxe2 Nxd4+ 21. Kf1 Nxb3 22. Bxb3 Bd7 23. d4 Rxg3 24. Bf4 Rg4 25. g3 Bc6 26. d5 Bb5+ 27. Kf2 e5 28. Bxe5 Re4 29. Bf4 Re2+ 30. Kf3 Bc5 31. Rh8+ Kd7 32. Rxa8 Rf2+ 33. Kg4 Be2+ 34. Kh3 f5 35. Rg8 Bf3 36.
Ba4+ Ke7 37. Re1+ Kf7 38. Rg5 Bg2+ 39. Kh4 Be4 40. Rxe4 Rh2# 0-1

[Event "*** Titled Tuesday Blitz"]
[Site "Chess.com"]
[Date "2018.07.03"]
[Round "8"]
[White "Irochka83"]
[Black "plouarzel"]
[Result "0-1"]
[WhiteElo "2262"]
[BlackElo "2488"]
[TimeControl "180+2"]
[EndTime "14:44:10 PDT"]
[Termination "plouarzel won on time"]

1. d4 d6 2. Nf3 Nf6 3. c4 g6 4. Nc3 Nbd7 5. e4 e5 6. Be2 Bg7 7. O-O O-O 8. Be3 c6 9. d5 c5 10. Ne1 Nb6 11. b3 a5 12. Nc2 h5 13. f3 h4 14. a3 Nh5 15. b4 axb4 16.
axb4 Rxa1 17. Qxa1 cxb4 18. Nxb4 Nf4 19. c5 dxc5 20.
Bxc5 Qg5 21. Rf2 Nh3+ 22. Kf1 Nxf2 23. Kxf2 Nd7 24. Bxf8 Bxf8 25. Nd3 Nc5 26. Qa5 Qd2 27. Nxc5 Qd4+ 28. Ke1 Bxc5 29. Qd8+ Kg7 30. Nd1 h3 31. g3 Bb4+ 32. Kf1 Qd2 33. Kf2 Qe1+ 34. Ke3 Qg1+ 35. Kd3 Qd4+ 36. Kc2 Qd2+ 37. Kb3 Qxe2 38.
Kxb4 Qxd1 39. Qxc8 Qd2+ 40. Kb5 Qxh2 41. d6 Qb2+ 42.
Ka5 Qa3+ 43. Kb5 h2 44. Qh3 Qb2+ 45. Ka4 Qa1+ 0-1

[Event "*** Titled Tuesday Blitz"]
[Site "Chess.com"]
[Date "2018.07.03"]
[Round "8"]
[White "penguingm1"]
[Black "VerdeNotte"]
[Result "1-0"]
[WhiteElo "2783"]
[BlackElo "2614"]
[TimeControl "180+2"]
[EndTime "14:44:13 PDT"]
[Termination "penguingm1 won by resignation"]

1. d4 Nf6 2. c4 c5 3. d5 b5 4. cxb5 a6 5. e3 g6 6. Nc3 Bg7 7. Nf3 O-O 8. a4 e6 9. dxe6 fxe6 10. Qd6 Qa5 11. Bd2 Qb4 12. Nd5 Qxb2 13. Bc3 Qb3 14. Nxf6+ Bxf6 15. Bxf6 Qb4+ 16. Nd2 Rxf6 17. Rb1 Qc3 18.
Be2 axb5 19. O-O Rf8 20. Ne4 Qg7 21. axb5 Rf5 22. b6 Bb7 23. Ng3 Rd5 24. Qc7 d6 25. Bf3 Nc6 26. Bxd5 exd5 27. Qxd6 d4 28. Qxc5 Rd8 29.
Rbd1 Kh8 30. exd4 Nxd4 31. Rfe1 h5 32. Qc7 Rd7 33. Qb8+ Kh7 34. Qf4 g5 35. Qe3 Kh6 36. Rxd4 Rf7 37. Rd6+ Kh7 38. Qd3+ Kg8 39. Nf5 Qf8 40.
Nh6+ Kg7 41. Qg6+ Kh8 42. Rd8 1-0

[Event "*** Titled Tuesday Blitz"]
[Site "Chess.com"]
[Date "2018.07.03"]
[Round "8"]
[White "W_Amadeus"]
[Black "Arman_Hakemi"]
[Result "1-0"]
[WhiteElo "2592"]
[BlackElo "2295"]
[TimeControl "180+2"]
[EndTime "14:44:14 PDT"]
[Termination "W_Amadeus won by checkmate"]

1. d4 Nf6 2. c4 g6 3. Nc3 Bg7 4. e4 d6 5. Nf3 O-O 6. Be2 Na6 7. O-O e5 8. Be3 Ng4 9. Bg5 f6 10. Bh4 g5 11. Bg3 h5 12. h4 c6 13. c5 exd4 14.
Nxd4 Nxc5 15. b4 Ne6 16. Nf5 Nf4 17. Bxf4 gxf4 18. Bxg4 hxg4 19. Qxg4 Bxf5 20. exf5 Kh8 21. Ne2 Qe8 22. Nxf4 Qf7 23. Rfe1 Rfe8 24. Re6 Rxe6 25.
fxe6 Qe8 26. Qf5 Bh6 27. Ng6+ Kg7 28. h5 d5 29. f4 Rd8 30. g4 Kg8 31. g5 fxg5 32.
fxg5 Bg7 33. Rf1 Rd6 34. Qf7+ Qxf7 35. exf7+ Kh7 36. f8=Q Bxf8 37. Rxf8 d4 38. Kf1 b6 39. Rf7+ Kg8 40. Rxa7 c5 41. bxc5 bxc5 42. Ne7+ Kf8 43. h6 c4 44. h7 Kg7 45. Nf5+ Kh8 46. Nxd6 c3 47. g6 c2 48. Ra8+ Kg7 49. h8=Q+ Kxg6 50. Rg8# 1-0